 Dungeon Crawl Stone Soup version 0.30-a0-881-g1ff12e1e11 (webtiles) character file.

Game seed: 14960056805265102577

8 ooooo the Conjurer (level 2, 16/19 HPs)
             Began as a Demonspawn Conjurer on Mar 15, 2023.
             Quit the game on level 1 of the Dungeon.
             The game lasted 00:00:25 (347 turns).

ooooo the Conjurer (Demonspawn Conjurer)             Turns: 347, Time: 00:00:26

Health: 16/19      AC:  2    Str:  7    XL:     2   Next: 0%
Magic:  5/5        EV: 12    Int: 19    God:
Gold:   45         SH:  0    Dex: 11    Spells: 4/5 levels left

rFire   . . .      SeeInvis .    c - +3 dagger
rCold   . . .      Faith    .    (no shield)
rNeg    . . .      Spirit   .    a - +0 robe
rPois   .          Reflect  .    (no helmet)
rElec   .          Rampage  .    (no cloak)
rCorr   .                        (no gloves)
Will    .....                    (no boots)
Stlth   ++                       (no amulet)
HPRegen 0.23/turn                (no ring)
MPRegen 0.09/turn                (no ring)

@: no status effects
A: ignite blood 1
a: no special abilities


You were on level 1 of the Dungeon.
You visited 1 branch of the dungeon, and saw 1 of its levels.

You collected 45 gold pieces.

Inventory:

Hand Weapons
 c - a +3 dagger (weapon)
Armour
 a - a +0 robe (worn)
Potions
 b - a potion of magic
 d - a potion of heal wounds {unknown}


   Skills:
 - Level 1.7 Dodging
 - Level 1.7 Stealth
 - Level 2.0 Spellcasting
 + Level 4.4 Conjurations


You had 4 spell levels left.
You knew the following spells:

 Your Spells              Type           Power      Damage    Failure   Level
a - Magic Dart            Conj           72%        1d6       2%          1

Your spell library contained the following spells:

 Spells                   Type           Power      Damage    Failure   Level
 Searing Ray              Conj           36%        2d5       4%          2
 Dazzling Flash           Conj/Hex       20%        N/A       21%         3
 Fulminant Prism          Conj/Hex       5%         3d7       56%         4
 Iskenderun's Mystic Bla  Conj/Tloc      10%        2d4       56%         4


Dungeon Overview and Level Annotations

Branches:
Dungeon (1/15) Zot: 5653

Altars:


Innate Abilities, Weirdness & Mutations

Your demonic aura sometimes causes spilled blood to erupt in flames.


Message History

A ball python comes into view.
Found 15 gold pieces.
The ball python hisses angrily.
There is an open door here.
The ball python bites you. The ball python barely misses you.
The ball python bites you. The ball python closely misses you.
You barely miss the ball python. The ball python closely misses you.
The ball python barely misses you.
You hit the ball python.
You kill the ball python!
No target in view!
HP restored.
You now have 45 gold pieces (gained 15).
You open the door.
There is an open door here.
A kobold comes into view. It is wielding a +0 club.
The kobold shouts!
A kobold is nearby!
The kobold barely misses you.
You barely miss the kobold. The kobold barely misses you.
A hobgoblin comes into view.
The hobgoblin shouts!
You hit the kobold.
You kill the kobold!
Things that are here:
a +0 club; a kobold corpse
Found 10 gold pieces.
The hobgoblin hits you.
You see here 5 gold pieces.
You hit the hobgoblin.
The hobgoblin is heavily wounded.
The hobgoblin misses you.
You hit the hobgoblin.
The hobgoblin is almost dead.
The hobgoblin closely misses you.
You hit the hobgoblin.
You kill the hobgoblin!
You have reached level 2!
Your demonic ancestry asserts itself...
Your blood heats up.
Are you sure you want to abandon this character and quit the game? (Confirm with "yes".)

##.# ## ... .# #.# #$ ..
.# #.# . #. .# ##'# .#
##.##.# ##... #..#.....#
##.... #.......##
##.....
#.####.####...####......
.......@.).......'......
###########...####......
##.## ##..... #.# ##....
#.# ##... #.# #+# #.#
#.#


There were no monsters in sight!

Vanquished Creatures
  A ball python (D:1)
  2 hobgoblins (D:1)
  3 kobolds (D:1)
  A quokka (D:1)
7 creatures vanquished.

Notes
Turn   | Place    | Note
-------+----------+-------------------------------------------
     0 | D:1      | ooooo the Demonspawn Conjurer began the quest for the Orb.
     0 | D:1      | Reached XP level 1. HP: 13/13 MP: 3/3
   347 | D:1      | Gained mutation: Your demonic aura sometimes causes spilled
                  | blood to erupt in flames. [demonic ancestry]
   347 | D:1      | Reached XP level 2. HP: 16/19 MP: 5/5
   347 | D:1      | Quit the game

Illustrated notes

Levels and vault maps discovered:
D:1:      dpeg_arrival_lava_altar, layout_loops_corners, minmay_tetromino_s2

Action                     || total
---------------------------++-------
  Melee: Dagger            ||     7
   Cast: Magic Dart        ||     6
  Dodge: Dodged            ||     8

Table legend: (Time is in decaauts)
 A = Elapsed time spent in this place.
 B = Non-inter-level travel time spent in this place.
 C = Inter-level travel time spent in this place.
 D = Time resting spent in this place.
 E = Time spent auto-exploring this place.
 F = Levels seen in this place.
 G = Mean time per level.
                   A        B        C        D        E       F      G
               +--------+--------+--------+--------+--------+-----+--------+
         Total |    346 |    346 |      0 |      0 |    311 |   1 |  346.0 |
       Dungeon |    346 |    346 |      0 |      0 |    311 |   1 |  346.0 |
               +--------+--------+--------+--------+--------+-----+--------+

Top non-repeatable levels by time:
     D:1: 346 daAuts
